 Dungeon Crawl Stone Soup version 0.18.1-8-gdd0e5ea (webtiles) character file.

12 Gargoyl the Skirmisher (level 2, 0/24 HPs)
             Began as a Demonspawn Abyssal Knight on June 10, 2016.
             Was a Follower of Lugonu.
             Slain by a crimson imp (2 damage)
             ... summoned by Natasha
             ... on level 2 of the Dungeon.
             The game lasted 00:01:18 (637 turns).

Gargoyl the Skirmisher (Demonspawn Abyssal Knight)   Turns: 637, Time: 00:01:18

Health: 0/24       AC:  7    Str: 12    XL:     2   Next: 20%
Magic:  3/3        EV:  9    Int: 18    God:    Lugonu [*.....]
Gold:   68         SH:  0    Dex: 16    Spells: 0 memorised, 1 level left

rFire  . . .     SeeInvis .     a - +1 hand axe
rCold  . . .     Gourm    .     d - +0 scale mail (curse)
rNeg   . . .     Faith    .     (no shield)
rPois  .         Spirit   .     i - +0 helmet (curse)
rElec  .         Dismiss  .     (no cloak)
rCorr  .         Reflect  .     (no gloves)
SustAt .         Harm     .     (no boots)
MR     .....                    (no amulet)
Stlth  ..........               (no ring)
                                g - +4 ring of dexterity

@: brilliant, not resistant to hostile enchantments, extremely unstealthy
A: demonic guardian 1
a: Depart the Abyss, Renounce Religion


You were on level 2 of the Dungeon.
You worshipped Lugonu.
Lugonu was aware of your devotion.
You were not hungry.

You visited 1 branch of the dungeon, and saw 2 of its levels.
You visited the Abyss 1 time.

You collected 68 gold pieces.

Inventory:

Hand Weapons
 a - a +1 hand axe (weapon)
Armour
 d - a cursed +0 scale mail (worn)
 i - a cursed +0 helmet (worn)
Jewellery
 g - a +4 ring of dexterity (left hand)
Scrolls
 f - 2 scrolls of noise {unknown}
 h - a scroll of amnesia {unknown}
 k - 2 scrolls of identify {unknown}
Potions
 j - a potion of degeneration {unknown}
 l - a potion of curing {unknown}
Comestibles
 b - 5 fruits
 c - a bread ration


   Skills:
 + Level 3.4 Fighting
 + Level 1.9 Axes
 * Level 2.0 Armour
 + Level 0.8 Dodging
 + Level 2.4 Invocations


You had one spell level left.
You didn't know any spells.

Dungeon Overview and Level Annotations

Branches:
Dungeon (2/15)

Altars:

Annotations:
D:2 Natasha


Innate Abilities, Weirdness & Mutations

A weak demonic guardian rushes to your aid.


Message History

The puff of frost hits you!
* * * LOW HITPOINT WARNING * * *
The white imp gestures at you. The puff of frost hits you!
* * * LOW HITPOINT WARNING * * *
The crimson imp hits you but does no damage.
You barely miss the white imp.
The white imp is almost dead.
Your scale mail prevents you from hitting the crimson imp.
The white imp gestures at you. The puff of frost misses you.
Natasha howls an incantation.
You feel troubled. The crimson imp barely misses you.
Drink which item? (? for menu, Esc to quit)
It was a potion of brilliance.
You feel clever all of a sudden.
The white imp hits you but does no damage.
The crimson imp hits you.
You die...

#....##.........#
#....)..#.......#
#....####<......#
#######.#.....#.......#
........................
...............##...####.
....#........5.###### ...
#..........#### ..
#..........@5h# #
#^.......<5##5....#
#...................
#..#.#..####........
...#..#... #.......
...#.##.... ....... ..
.... ....... #... .......


You could see Natasha, a crimson imp, a white imp, a shadow imp and a friendly
iron imp.

Vanquished Creatures
  4 goblins (D:1)
  2 hobgoblins
  2 kobolds (D:1)
  A bat (D:1)
  A giant newt (D:1)
  2 rats (D:1)
12 creatures vanquished.

Notes
Turn   | Place    | Note
--------------------------------------------------------------
     0 | Abyss:1  | Gargoyl the Demonspawn Abyssal Knight began the quest for the Orb.
     0 | Abyss:1  | Reached XP level 1. HP: 18/18 MP: 2/2
    66 | Abyss:1  | Noticed a worldbinder
    66 | D:1      | Escaped the Abyss
   312 | D:1      | Reached * piety under Lugonu
   376 | D:1      | Gained mutation: A weak demonic guardian rushes to your aid. [demonic ancestry]
   376 | D:1      | Reached XP level 2. HP: 24/24 MP: 3/3
   617 | D:2      | Noticed Natasha
   630 | D:2      | Noticed a crimson imp
   635 | D:2      | HP: 1/24 [white imp/puff of frost[Natasha] (5)]
   637 | D:2      | Slain by a crimson imp

Skill      XL: |  1  2 |
---------------+-------+-----
Armour         | 2 |  2.0
Fighting       | |  3.4
Axes           | |  1.9
Dodging        | |  0.8
Invocations    | |  2.4

Action                   || total
-------------------------++-------
Melee: Hand axe          ||    34
Invok: Depart the Abyss  ||     1
  Use: Potion            ||     1
Armor: Scale mail        ||    23
Dodge: Dodged            ||    17
